 Dungeon Sprint DCSS version 0.32-a0-918-g0f22ef8d61 (webtiles) character file.

Game seed: 13873177706739171033

1941 Griffin23 the Fencer (level 8, -2/133 HPs)
             Began as a Minotaur Berserker on Apr 11, 2024.
             Was a High Priest of Trog.
             Succumbed to Erica's bolt of poison
             ... in the Dungeon (Sprint III: "The Ten Rune Challenge").
             The game lasted 00:03:36 (1078 turns).

Griffin23 the Fencer (Minotaur Berserker)           Turns: 1078, Time: 00:03:37

Health: -2/133     AC:  4    Str: 24    XL:     8   Next: 98%
Magic:  7/7        EV: 13    Int:  4    God:    Trog [*****.]
Gold:   31         SH:  0    Dex: 10    Spells: 7/7 levels left

rFire   . . .        o - +0 long sword (holy)
rCold   . . .        (no shield)
rNeg    . . .        b - +0 animal skin
rPois   .            (helmet restricted)
rElec   .            (no cloak)
rCorr   .            (no gloves)
SInv    .            p - +0 pair of boots
Will    .....        (no amulet) Stlth
                     (no ring)
HPRegen 0.42/turn    (no ring)
MPRegen 0.10/turn

%: no teleportation
@: berserking (expiring), lethally poisoned (-2 -> -19), very quick
A: horns 2, retaliatory headbutt
a: Renounce Religion, Berserk, Trog's Hand, Brothers in Arms


You were in the Dungeon.
You worshipped Trog.
Trog was extremely pleased with you.
You visited 1 branch You collected 31 gold pieces.

Inventory:

Hand Weapons
 a - a +0 falchion
 o - a +0 long sword of holy wrath (weapon)
Armour
 b - a +0 animal skin (worn)
 p - a +0 pair of boots (worn)
Scrolls
 h - a scroll of blinking
 k - a scroll of torment {unknown}
 l - 3 scrolls of identify
 m - a scroll of poison {unknown}
Potions
 c - a potion of curing
 d - 2 potions of heal wounds
 e - a potion of haste
 f - 2 potions of magic
 g - a potion of berserk rage
 i - 3 potions of enlightenment {unknown}
 j - 4 potions of mutation
 n - a potion of brilliance {unknown}
Miscellaneous
 q - a lightning rod (4/4)


   Skills:
 + Level 14.0 Fighting
 * Level 16.3 Long Blades
 + Level 8.0 Armour
 + Level 8.1 Dodging
 - Level 0.2 Stealth


You had 7 spell levels left.
You didn't know any spells.
Your spell library was empty.

Dungeon Overview and Level Annotations

Branches:
Dungeon (1/1)

Altars:
Cheibriados
Dithmenos
Elyvilon
Fedhas
Gozag
Hepliaklqana
Kikubaaqudgha
Makhleb
Nemelex Xobeh
Okawaru
Qazlal
Ru
Sif Muna
Trog
Uskayaw
Vehumet
Wu Jian
Xom
Yredelemnul
Zin
The Shining One
Beogh
Jiyva
Lugonu


Innate Abilities, Weirdness & Mutations

You have a pair of horns on your head.
You reflexively headbutt those who attack you in melee.


Message History

Erica hits you with a +1 scimitar of flaming.
Erica burns you. Erica grabs you. Erica constricts you.
Your unstable footing causes you to fumble your attack.
You feel sick.
You closely miss Erica.
Erica is severely wounded.
You feel sick.
Erica stares at you and mumbles some strange words.
The bolt of poison hits you!!
You are more poisoned.
* * * LOW HITPOINT WARNING * * *
Erica constricts you.
* * * LOW HITPOINT WARNING * * *
Your unstable footing causes you to fumble your attack.
You feel very sick.
You barely miss Erica.
Erica is severely wounded.
You feel very sick.
Erica hits you with a +1 scimitar of flaming!
* * * LOW HITPOINT WARNING * * *
Erica burns you.
* * * LOW HITPOINT WARNING * * *
Erica constricts you.
* * * LOW HITPOINT WARNING * * *
You are too berserk!
You slice Erica!!
You kill Erica!
Trog accepts your kill.
Trog will now gift you melee weapons as you gain piety.
Trog appreciates your killing of a magic user.
* * * LOW HITPOINT WARNING * * *
You feel very sick.
Your Fighting skill increases to level 14!
Your Long Blades skill increases to level 16!
Your Armour skill gained 2 levels and is now at level 8!
Your Dodging skill increases to level 8!
You are too berserk!
You are too berserk!
You are too berserk!
You die...

..#.†.#__.#._#$$
..###'#)###)##$$
..#..........#.$
..'.⌠........#$#
..#...######'#$#
..#.⌠.#__#...#+#####
..#...#__#...#..~§§+
..#)###__#...#.#§§§#
..#.::#__#...'.#@§§#
..#___#__'...#.#§§.#
▓▓▓▓▓▓▓▓▓▓▓▓▓▓▓▓▓▓▓▓


There were no monsters in sight!

Vanquished Creatures
  Erica (D)
  A deep elf pyromancer (D)
  A shadow (D)
  A spatial vortex (D)
  A weeping skull (D)
  A water elemental (D)
  A scorpion (D)
  A wight (D)
  A burial acolyte (D)
  A jelly (D)
  Jessica (D)
  2 humans (D)
  A kobold demonologist (D)
  2 endoplasms (D)
16 creatures vanquished.

Vanquished Creatures (collateral kills)
  A human (D)
1 creature vanquished.

Grand Total: 17 creatures vanquished

Notes
Turn   | Place    | Note
-------+----------+-------------------------------------------
     0 | D        | Griffin23 the Minotaur Berserker began the quest for the
                  | Orb.
     0 | D        | Reached XP level 1. HP: 19/19 MP: 0/0
    10 | D        | Reached skill level 4 in Long Blades
    52 | D        | Noticed Jessica
    56 | D        | Killed Jessica
    56 | D        | Reached ** piety under Trog
    57 | D        | Reached skill level 5 in Fighting
    57 | D        | Reached skill level 5 in Long Blades
    57 | D        | Reached XP level 2. HP: 30/30 MP: 1/1
    57 | D        | Reached XP level 3. HP: 37/37 MP: 2/2
    88 | D        | Noticed a scorpion
   100 | D        | Reached skill level 6 in Long Blades
   106 | D        | Killed a scorpion
   107 | D        | Reached skill level 8 in Long Blades
   107 | D        | Reached XP level 4. HP: 21/47 MP: 3/3
   247 | D        | Noticed a water elemental
   268 | D        | Killed a water elemental
   269 | D        | Reached skill level 9 in Long Blades
   269 | D        | Reached XP level 5. HP: 55/55 MP: 4/4
   300 | D        | Found a radiant altar of Vehumet.
   300 | D        | Found a shimmering blue altar of Sif Muna.
   300 | D        | Found an ancient bone altar of Kikubaaqudgha.
   304 | D        | Noticed a rust devil
   304 | D        | Reached *** piety under Trog
   305 | D        | Reached skill level 10 in Long Blades
   366 | D        | Found a glowing silver altar of Zin.
   366 | D        | Found a glowing golden altar of the Shining One.
   366 | D        | Found a white marble altar of Elyvilon.
   367 | D        | Noticed a deep elf pyromancer
   374 | D        | Killed a deep elf pyromancer
   374 | D        | Reached **** piety under Trog
   375 | D        | Reached skill level 13 in Long Blades
   375 | D        | Reached skill level 5 in Armour
   375 | D        | Reached XP level 6. HP: 69/69 MP: 5/5
   375 | D        | Reached XP level 7. HP: 75/75 MP: 6/6
   389 | D        | Found a hide-covered altar of Uskayaw.
   389 | D        | Found a roughly hewn altar of Beogh.
   389 | D        | Found an iron altar of Okawaru.
   389 | D        | Found a bloodstained altar of Trog.
   389 | D        | Found an ornate altar of the Wu Jian Council.
   389 | D        | Noticed a human
   389 | D        | Noticed a human
   394 | D        | Killed a human
   396 | D        | Killed a human
   397 | D        | Reached skill level 14 in Long Blades
   554 | D        | Found a basalt altar of Yredelemnul.
   554 | D        | Found a shadowy altar of Dithmenos.
   554 | D        | Found a sacrificial altar of Ru.
   561 | D        | Reached XP level 8. HP: 85/85 MP: 7/7
   906 | D        | Reached skill level 15 in Long Blades
  1013 | D        | Found a blossoming altar of Fedhas.
  1013 | D        | Found a stormy altar of Qazlal.
  1013 | D        | Found a snail-covered altar of Cheibriados.
  1013 | D        | Found a burning altar of Makhleb.
  1013 | D        | Found a shimmering altar of Xom.
  1014 | D        | Found a hazy altar of Hepliaklqana.
  1014 | D        | Found an opulent altar of Gozag.
  1014 | D        | Found a sparkling altar of Nemelex Xobeh.
  1014 | D        | Found a corrupted altar of Lugonu.
  1014 | D        | Found a viscous altar of Jiyva.
  1062 | D        | Noticed Erica
  1076 | D        | HP: 6/129 [constriction (3)]
  1077 | D        | Killed Erica
  1077 | D        | Reached ***** piety under Trog
  1078 | D        | Reached skill level 16 in Long Blades
  1078 | D        | Succumbed to Erica's bolt of poison

Illustrated notes

Levels and vault maps discovered:
D:        dungeon_sprint_mu [sprint_mu_entry_cave, sprint_mu_temple_rooms,
          sprint_mu_d1_horrors, sprint_mu_d2_genie, sprint_mu_d3_branching,
          sprint_mu_orc_legion, sprint_mu_elf_gauntlet, sprint_mu_hive_nellie,
          sprint_mu_lair_fedhas, sprint_mu_vaults_butterflies,
          sprint_mu_slime_circle, sprint_mu_shoals_archi,
          sprint_mu_snake_twists, sprint_mu_blade_basic,
          sprint_mu_crypt_fortress, sprint_mu_tomb_spiral,
          sprint_mu_vestibule_basic, sprint_mu_gehenna_hellfire,
          sprint_mu_dis_giant, sprint_mu_tartarus_statrot,
          sprint_mu_cocytus_islands, sprint_mu_zot1]

Skill      XL: |  1  2  3  4  5  6  7  8 |
---------------+-------------------------+-----
Fighting       | 5 7 8 11 12 14 | 14.0
Long Blades    | 5 8 9 13 14 16 | 16.3
Armour         | 3 4 5 6 8 |  8.0
Dodging        | 3 4 6 8 |  8.1
Stealth        | |  0.2

Action                     |  1- 3 |  4- 6 |  7- 9 || total
---------------------------+-------+-------+-------++-------
  Melee: Falchion          |    18 |    14 |       ||    32
         Headbutt          |     1 |     1 |     9 ||    11
         Long sword        |       |       |    37 ||    37
 Invoke: Berserk           |     2 |     3 |     2 ||     7
         Brothers in Arms  |       |       |     1 ||     1
 Armour: Animal skin       |    12 |     4 |    17 ||    33
  Dodge: Dodged            |     7 |     4 |    10 ||    21

Table legend: (Time is in decaauts)
 A = Elapsed time spent in this place.
 B = Non-inter-level travel time spent in this place.
 C = Inter-level travel time spent in this place.
 D = Time resting spent in this place.
 E = Time spent auto-exploring this place.
 F = Levels seen in this place.
 G = Mean time per level.
                   A        B        C        D        E       F      G
               +--------+--------+--------+--------+--------+-----+--------+
         Total |   1110 |   1110 |      0 |    813 |     63 |   1 | 1110.0 |
       Dungeon |   1110 |   1110 |      0 |    813 |     63 |   1 | 1110.0 |
               +--------+--------+--------+--------+--------+-----+--------+

Top non-repeatable levels by time:
       D: 1110 daAuts
